 Dungeon Crawl Stone Soup version 0.28.0-47-ge53b351184 (webtiles) character file.

Game seed: 10464542201967637928

59 101zpm the Chiller (level 3, -7/24 HPs)
             Began as a Vampire Ice Elementalist on Apr 29, 2022.
             Mangled by a gnoll
             ... wielding a +2 spear of flaming
              (8 damage)
             ... on level 3 of the Dungeon.
             The game lasted 00:04:21 (1943 turns).

101zpm the Chiller (Vampire Ice Elementalist)       Turns: 1943, Time: 00:04:21

Health: -7/24      AC:  5    Str:  7    XL:     3   Next: 78%
Magic:  4/6        EV: 12    Int: 19    God:
Gold:   78         SH:  0    Dex: 14    Spells: 6/7 levels left

rFire   . . .      SeeInvis +   i - +2 short sword (venom)
rCold   . . .      Faith    .   (no shield)
rNeg    . . .      Spirit   .   a - +0 robe
rPois   .          Reflect  .   (no helmet)
rElec   .          Harm     .   (no cloak)
rCorr   .          Rampage  .   (no gloves)
Will    .....                   c - +2 pair of boots
Stlth   ++........              (no amulet)
HPRegen 0.28/turn               (no ring)
MPRegen 0.10/turn               (no ring)

@: healing quickly
A: alive, fangs 3, see invisible, vampiric 2
a: Exsanguinate


You were on level 3 of the Dungeon.
You visited 1 branch of the dungeon, and saw 3 of its levels.

You collected 78 gold pieces.

Inventory:

Hand Weapons
 i - a +2 short sword of venom (weapon)
Armour
 a - a +0 robe (worn)
 c - a +2 pair of boots (worn)
Jewellery
 e - an amulet of faith
Scrolls
 b - a scroll of teleportation {unknown}
 d - 2 scrolls of fog {unknown}
 g - a scroll of vulnerability {unknown}
 h - 2 scrolls of identify {unknown}
Potions
 f - a potion of degeneration {unknown}


   Skills:
 + Level 0.1 Fighting
 + Level 2.3 Dodging
 + Level 3.0 Stealth
 + Level 0.9 Unarmed Combat
 + Level 2.5 Spellcasting
 + Level 4.9 Ice Magic


You had 6 spell levels left.
You knew the following spells:

 Your Spells              Type           Power      Damage    Failure   Level
a - Freeze                Ice            84%        1d10      2%          1

Your spell library contained the following spells:

 Spells                   Type           Power      Damage    Failure   Level
 Frozen Ramparts          Ice            42%        1d6       6%          3
 Ozocubu's Armour         Ice            21%        N/A       6%          3
 Apportation              Tloc           4%         N/A       16%         1
 Hailstorm                Conj/Ice       11%        3d5       50%         4
 Alistair's Intoxication  Tmut/Pois      1%         N/A       99%         5


Dungeon Overview and Level Annotations

Branches:
Dungeon (3/15)

Altars:
Okawaru

Shops:
D:3 !


Innate Abilities, Weirdness & Mutations

Your natural rate of healing is accelerated.
You have razor-sharp teeth.
You have supernaturally acute eyesight. (SInv)
You are afflicted with vampirism and can become a bat while bloodless.


Message History

Aiming: Freeze (safe; 2% risk of failure)
Press: ? - help, Q - select action Shift-Dir - straight line, f/p - phantom
Aim: a phantom (lightly damaged)
You freeze the phantom but do no damage.
The phantom completely resists.
The phantom closely misses you.
Aiming: Freeze (safe; 2% risk of failure)
Press: ? - help, Q - select action Shift-Dir - straight line, f/p - phantom
Aim: a phantom (lightly damaged)
You freeze the phantom but do no damage.
The phantom completely resists.
The phantom barely misses you.
Aiming: Freeze (safe; 2% risk of failure)
Press: ? - help, Q - select action Shift-Dir - straight line, f/p - phantom
Aim: a phantom (lightly damaged)
You freeze the phantom.
The phantom resists.
The phantom is moderately damaged.
The phantom closely misses you. The phantom misses you.
The phantom barely misses you.
There is a stone staircase leading up here.
The phantom hits you!
* * * LOW HITPOINT WARNING * * *
The phantom blinks!
You blink.
You stop ascending the stairs.
The phantom hits you.
* * * LOW HITPOINT WARNING * * *
There is a stone staircase leading up, spattered with blood here.
The phantom hits you.
* * * LOW HITPOINT WARNING * * *
The phantom blinks!
You blink.
You stop ascending the stairs.
The phantom hits you but does no damage.
The phantom barely misses you.
The gnoll shouts!
The gnoll shouts!
The gnoll hits you from afar with a +0 halberd!
* * * LOW HITPOINT WARNING * * *
The gnoll hits you with a +0 flail.
* * * LOW HITPOINT WARNING * * *
The gnoll hits you from afar with a +2 spear of flaming!
You die...

#......#####
##...##
....###..##
##### .### ##..#
##.## #..###
##...###########
###...........#
####W.......#
#.@(...).#
#..g.....#
#.gg.....#
#........#
#........#
#....<...#
##########


You could see a phantom and 3 gnolls.

Vanquished Creatures
  2 gnolls
  2 dart slugs (D:1)
  6 ball pythons
  An endoplasm (D:1)
  A giant cockroach (D:1)
  3 goblins
  3 hobgoblins (D:1)
  6 kobolds
  A quokka (D:1)
  5 bats
  2 frilled lizards
  3 rats
35 creatures vanquished.

Vanquished Creatures (others)
  A plant (D:1)
1 creature vanquished.

Grand Total: 36 creatures vanquished

Notes
Turn   | Place    | Note
-------+----------+-------------------------------------------
     0 | D:1      | 101zpm the Vampire Ice Elementalist began the quest for the
                  | Orb.
     0 | D:1      | Reached XP level 1. HP: 13/13 MP: 3/3
    47 | D:1      | Found a faded altar of an unknown god.
   108 | D:1      | Reached XP level 2. HP: 15/19 MP: 3/5
   446 | D:1      | Gained mutation: You are afflicted with vampirism and can
                  | become a bat while bloodless. [Vampire growth]
   446 | D:1      | Reached XP level 3. HP: 24/24 MP: 6/6
   806 | D:2      | Found an iron altar of Okawaru.
  1100 | D:3      | Found Efipnuteh's Distillery.
  1402 | D:2      | Noticed a phantom
  1943 | D:3      | HP: 1/24 [gnoll/+0 flail (6)]
  1943 | D:3      | Mangled by a gnoll

Illustrated notes

Levels and vault maps discovered:
D:1:      dpeg_arrival_more_subterranean_lakeside_camping, layout_rooms,
          hellmonk_ecumenical_altar_pennies_from_heaven, nicolae_grassy_gnolls
D:2:      layout_basic, basic_altar
D:3:      layout_rooms, serial_shops, shop

Action                   || total
-------------------------++-------
Melee: Unarmed           ||    26
       Bite              ||     7
       Short sword       ||     4
 Cast: Freeze            ||    56
Armor: Robe              ||    22
Dodge: Dodged            ||    48
